 Dungeon Crawl Stone Soup version 0.26.1-11-gd32895ea62 (webtiles) character file.

Game seed: 4914716953339888946

28 nothank2 the Skirmisher (level 3, -5/30 HPs)
             Began as a Formicid Fighter on July 16, 2021.
             Slain by a gnoll
             ... wielding a +0 flail
              (10 damage)
             ... on level 1 of the Dungeon.
             The game lasted 00:03:33 (1222 turns).

nothank2 the Skirmisher (Formicid Fighter)          Turns: 1222, Time: 00:03:34

Health: -5/30      AC:  6    Str: 21    XL:     3   Next: 30%
Magic:  3/3        EV:  7    Int:  7    God:
Gold:   30         SH:  9    Dex: 10    Spells: 2/2 levels left

rFire    . . .     SeeInvis +   a - +0 long sword
rCold    . . .     Faith    .   c - +0 kite shield
rNeg     . . .     Spirit   .   b - +0 scale mail
rPois    .         Reflect  .   (helmet unavailable)
rElec    .         Harm     .   (no cloak)
rCorr    .         Rampage  .   (no gloves)
Will     .....                  (no boots)
Stlth    ..........             (no amulet)
HPRegen  0.10/turn              (no ring)
MPRegen  0.08/turn              (no ring)

@: attractive
A: permanent stasis, dig shafts and tunnels, four strong arms, antennae 3
a: Dig, Shaft Self


You were on level 1 of the Dungeon.
You visited 1 branch of the dungeon, and saw 2 of its levels.

You collected 30 gold pieces.

Inventory:

Hand Weapons
 a - a +0 long sword (weapon)
Missiles
 j - 4 boomerangs (quivered)
Armour
 b - a +0 scale mail (worn)
 c - a +0 kite shield (worn)
Scrolls
 f - a scroll of magic mapping {unknown}
 g - 2 scrolls of identify {unknown}
 i - a scroll of enchant weapon {unknown}
 m - a scroll of blinking {unknown}
 n - a scroll of fog {unknown}
Potions
 d - a potion of might
 e - a potion of flight
 k - a potion of cancellation {unknown}
 l - a potion of brilliance


   Skills:
 + Level 3.7 Fighting
 * Level 3.1 Long Blades
 - Level 3.2 Armour
 - Level 3.6 Shields


You had 2 spell levels left.
You didn't know any spells.
Your spell library was empty.

Dungeon Overview and Level Annotations

Branches:
Dungeon (2/15)

Altars:


Innate Abilities, Weirdness & Mutations

You cannot be hasted, slowed, berserked, paralysed or teleported.
You can dig through walls and to a lower floor.
Your four strong arms can wield two-handed weapons with a shield.
You have a pair of large antennae on your head. (SInv)


Message History

You hit the gnoll.
The gnoll is moderately wounded.
The gnoll hits you but does no damage. The gnoll barely misses you.
You slash the gnoll!
The gnoll is almost dead.
You block the gnoll's attack.
You slash the gnoll!
You kill the gnoll!
The gnoll hits you with a +0 flail.
* * * LOW HITPOINT WARNING * * *
Your Long Blades skill increases to level 3!
You have reached level 3!
Your experience leads to an increase in your attributes!
Increase (S)trength, (I)ntelligence, or (D)exterity?
You feel stronger. The gnoll is pulled toward you! The gnoll barely misses you.
The gnoll is pulled toward you! The gnoll hits you with a +0 flail!
You die...

#g# ##..# #.# #..# #.#
#..# #.# ##.# #.# #.# #.#
#)# #.# ##.#
####.######..#
#......@g#...##
#....###......#
#.............##
#....###.......##
#..).....#......###
#####...#####.......######
#(.......#####............
#..........# ##+######....
#..........# #.# #.###


You could see a gnoll.

Vanquished Creatures
  A gnoll (D:1)
  An ooze (D:1)
  A leopard gecko (D:1)
  A bat (D:1)
  3 goblins (D:1)
  4 hobgoblins (D:1)
  A kobold (D:1)
  A rat (D:1)
13 creatures vanquished.

Notes
Turn   | Place    | Note
-------+----------+-------------------------------------------
     0 | D:1      | nothank2 the Formicid Fighter began the quest for the Orb.
     0 | D:1      | Reached XP level 1. HP: 18/18 MP: 1/1
   112 | D:1      | Reached XP level 2. HP: 24/24 MP: 2/2
  1114 | D:1      | HP: 1/25 [gnoll/+0 flail (5)]
  1218 | D:1      | Reached XP level 3. HP: 5/30 MP: 3/3
  1222 | D:1      | Slain by a gnoll

Illustrated notes

Levels and vault maps discovered:
D:1:      sevenhm_arrival_forest_fort_small_4, layout_loops_corners,
          minmay_large_rounded_square
D:2:      layout_basic, elyvilon_altar_4, uniq_jessica

Skill      XL: |  1  2 |
---------------+-------+-----
Long Blades    | 3 |  3.1
Fighting       | |  3.7
Armour         | |  3.2
Shields        | |  3.6

Action                   || total
-------------------------++-------
Melee: Long sword        ||    53
  Use: Potion            ||     3
Armor: Scale mail        ||    13
Dodge: Dodged            ||    16
Block: Kite shield       ||    28
       Rpst.: Long sword ||     1
